 Dungeon Crawl Stone Soup version 0.31-a0-358-gac0dbeb3ab (webtiles) character file.

Game seed: 6392235606469044790

674 juan097 the Sneak (level 7, -8/32 HPs)
             Began as a Spriggan Enchanter on July 25, 2023.
             Was an Initiate of Okawaru.
             Killed by divine providence
             ... invoked by an orc priest
              (14 damage)
             ... on level 4 of the Dungeon.
             The game lasted 00:14:17 (4943 turns).

juan097 the Sneak (Spriggan Enchanter)              Turns: 4943, Time: 00:14:18

Health: -8/32      AC:  3    Str:  4    XL:     7   Next: 33%
Magic:  12/12      EV: 20    Int: 16    God:    Okawaru [......]
Gold:   262        SH:  0    Dex: 21    Spells: 7/12 levels left

rFire   + . .        a - +1 dagger
rCold   . . .        (no shield)
rNeg    . . .        b - +0 robe
rPois   +            (helmet restricted)
rElec   .            o - +0 cloak
rCorr   +            (gloves unavailable)
SInv    +            (boots unavailable)
Will    ++...        (no amulet)
Stlth   ++++         x - ring of poison resistance
HPRegen 0.25/turn    y - ring "Achi" {rF+ Will+ rCorr Dex+3}
MPRegen 0.13/turn

%: no passive effects
@: very quick
A: very small, no large weapons, unfitting armour, see invisible, speed 3
a: Renounce Religion


You were on level 4 of the Dungeon.
You worshipped Okawaru.
Okawaru was noncommittal.
You visited 2 branches of the dungeon, and saw 7 of its levels.

You collected 262 gold pieces.

Inventory:

Hand Weapons
 a - a +1 dagger (weapon)
Missiles
 g - 26 poisoned darts
 l - 4 curare-tipped darts
Armour
 b - a +0 robe (worn)
 o - a +0 cloak (worn)
Jewellery
 i - a ring of fire
 x - a ring of poison resistance (left hand)
 y - the ring "Achi" (right hand) {rF+ Will+ rCorr Dex+3}
   (You found it on level 4 of the Dungeon)

   [ring of resist corrosion]

   Dex:       It affects your dexterity (+3).
   rF:        It protects you from fire.
   rCorr:     It protects you from acid and corrosion.
   Will:      It increases your willpower.
 z - a ring of protection from fire
Wands
 j - a wand of flame (6)
 p - a wand of iceblast (13)
 w - a wand of mindburst (9)
Scrolls
 f - a scroll of fog {unknown}
 h - 2 scrolls of vulnerability {unknown}
 m - a scroll of silence {unknown}
 n - a scroll of summoning {unknown}
 r - a scroll of noise {unknown}
 s - a scroll of poison {unknown}
 u - a scroll of identify {unknown}
 v - a scroll of teleportation {unknown}
Potions
 c - 2 potions of invisibility
 d - 2 potions of curing {unknown}
 e - 3 potions of attraction {unknown}
 k - 2 potions of heal wounds {unknown}
 q - a potion of might {unknown}
 t - a potion of resistance {unknown}
 A - a potion of mutation {unknown}


   Skills:
 * Level 5.1 Short Blades
 + Level 0.9 Throwing
 + Level 5.0 Dodging
 + Level 6.6 Stealth
 - Level 3.0 Spellcasting
 + Level 5.0 Hexes
 + Level 2.3 Ice Magic


You had 7 spell levels left.
You knew the following spells:

 Your Spells              Type           Power      Damage    Failure   Level
a - Ensorcelled Hibernat  Hex/Ice        28%        N/A       6%          2
b - Confusing Touch       Hex            18%        N/A       7%          3

Your spell library contained the following spells:

 Spells                   Type           Power      Damage    Failure   Level
 Foxfire                  Conj/Fire      8%         2x1d4     19%         1
 Magic Dart               Conj           8%         1d3       19%         1
 Dazzling Flash           Conj/Hex       20%        N/A       21%         3
 Stone Arrow              Conj/Erth      4%         3d7       50%         3
 Olgreb's Toxic Radiance  Pois           2%         N/A       88%         4
 Lee's Rapid Deconstruct  Erth           1%         3d4*      99%         5
 Plasma Beam              Fire/Air       1%         2x1d11    100%        6
 Starburst                Conj/Fire      1%         6d3       100%        6
 Discord                  Hex            9%         N/A       100%        8
 Ignition                 Fire           1%         3d3       100%        8
 Chain Lightning          Conj/Air       1%         3d1       100%        9
 Tukima's Dance           Hex            Unusable   N/A       N/A         3

Dungeon Overview and Level Annotations

Branches:
Dungeon (6/15)             Temple (1/1) D:4

Altars:
Ashenzari
Cheibriados
Dithmenos
Elyvilon
Hepliaklqana
Makhleb
Nemelex Xobeh
Okawaru
Qazlal
Sif Muna
Trog
Uskayaw
Vehumet
Xom
Yredelemnul
The Shining One


Innate Abilities, Weirdness & Mutations

You are very small and have problems with some larger weapons.
You are too small for most types of armour.
You have supernaturally acute eyesight. (SInv)
You cover ground extremely quickly. (Speed+++)


Message History

Okay, then.
You hit the orc priest but do no damage.
You hit the orc priest. You punch the orc priest.
The orc priest is moderately wounded.
The orc completely misses you.
The orc priest invokes the aid of Beogh against you.
Beogh smites you!
Ouch! That really hurt!
You closely miss the orc priest. Your punch misses the orc priest.
The orc priest is moderately wounded.
The orc closely misses you. The orc priest closely misses you.
You hit the orc priest.
The orc priest is heavily wounded.
You hit the orc priest.
The orc priest is severely wounded.
The orc hits you with a +0 hand axe.
The orc priest mumbles some strange prayers to Beogh against you.
You resist with almost no effort.
Casting: Confusing Touch (quite dangerous; 7% risk of failure)
Confirm with . or Enter, or press ? or * to list all spells.
The spell is quite dangerous to miscast (7% risk of failure)!
Continue anyway?
Okay, then.
You completely miss the orc priest.
The orc priest is severely wounded.
The orc misses you. The orc priest misses you.
You hit the orc priest but do no damage.
The orc priest is severely wounded.
The orc closely misses you. The orc priest barely misses you.
You hit the orc priest.
The orc priest is almost dead.
You barely miss the orc priest.
The orc priest is almost dead.
The orc misses you. The orc priest hits you with a +0 whip.
* * * LOW HITPOINT WARNING * * *
You hit the orc priest but do no damage.
The orc priest is almost dead.
The orc misses you.
The orc priest calls down the wrath of Beogh upon you.
Beogh smites you!
You die...

#.....'..............#.....##
#.....#..............#.....#
##############'###.##.#.....#
#...........##.###.#####....#
#...........#..#...#...'....#
#...........#..#...#...#....#
#...........############....##
########......[.............#.
#.....#.....@.........<....#.
#.....#....)oo.............##
#.....#......................
#.....#......................
######'###'#####..............
#.......#......###'####+####..
#.......#......'.....#.....#..
#.......#......#.....#.....#..
#.......#......#.....#.....'..


You could see an orc priest and an orc.

Vanquished Creatures
  A black bear (D:5)
  An ogre (D:4)
  A phantom (D:4)
  A scorpion (D:4)
  A gnoll bouda (D:6)
  2 hounds
  Jessica (D:2)
  An orc wizard (D:4)
  An iguana (D:6)
  4 gnolls
  7 adders
  A white imp (D:4)
  2 dart slugs
  8 orcs
  3 bats
  6 endoplasms
  6 giant cockroaches
  A goblin (D:1)
  9 hobgoblins
  8 jackals
  6 quokkas
  7 ball pythons
  4 frilled lizards
  8 kobolds
  5 rats
95 creatures vanquished.

Notes
Turn   | Place    | Note
-------+----------+-------------------------------------------
     0 | D:1      | juan097 the Spriggan Enchanter began the quest for the Orb.
     0 | D:1      | Reached XP level 1. HP: 9/9 MP: 5/5
   291 | D:1      | Reached XP level 2. HP: 11/13 MP: 6/6
   306 | D:1      | Learned a level 2 spell: Ensorcelled Hibernation
   592 | D:1      | Got the Exposition on Violence and Metal
   853 | D:1      | Reached XP level 3. HP: 9/16 MP: 5/8
  1365 | D:2      | Noticed Jessica
  1373 | D:2      | Killed Jessica
  1374 | D:2      | Reached skill level 5 in Stealth
  1683 | D:2      | Reached XP level 4. HP: 21/21 MP: 9/9
  1790 | D:3      | Found a faded altar of an unknown god.
  2105 | D:3      | Reached skill level 1 in Ice Magic
  2670 | D:3      | You fall into a shaft and drop 3 floors!
  2786 | D:6      | Reached XP level 5. HP: 24/24 MP: 10/10
  2883 | D:5      | Entered Level 5 of the Dungeon
  2997 | D:5      | Learned a level 3 spell: Confusing Touch
  3261 | D:5      | Noticed a black bear
  3268 | D:5      | Killed a black bear
  3269 | D:5      | Reached skill level 6 in Stealth
  3269 | D:5      | Reached XP level 6. HP: 28/28 MP: 11/11
  3529 | D:4      | Identified the ring "Achi" {rF+ Will+ rCorr Dex+3}
  4163 | D:4      | Reached XP level 7. HP: 32/32 MP: 9/12
  4397 | D:4      | Found a staircase to the Ecumenical Temple.
  4403 | Temple   | Entered the Ecumenical Temple
  4414 | Temple   | Became a worshipper of Warmaster Okawaru
  4493 | D:4      | Reached skill level 5 in Short Blades
  4493 | D:4      | Reached skill level 5 in Hexes
  4656 | D:4      | Found a hide-covered altar of Uskayaw.
  4860 | D:4      | Reached skill level 5 in Dodging
  4943 | D:4      | Killed from afar by an orc priest

Illustrated notes

Levels and vault maps discovered:
D:1:      eino_arrival_tree_alley, layout_rooms
D:2:      layout_loops_ring, uniq_jessica
D:3:      minmay_skewed_foursquare, layout_basic, ebering_ecumenical_altar_webs
D:4:      layout_gridville, nicolae_uskayaw_suspiria, temple_green
D:5:      layout_cave_pools
D:6:      layout_loops_corners, fedhas_altar_3, mainiacjoe_overflow_alcove_2,
          kennysheep_little_box, serial_shops, nicolae_square_shop,
          uniq_crazy_yiuf_cottage, uniq_blork_the_orc
Temple:   minmay_freezing_vapour_temple

Skill      XL: |  1  2  3  4  5  6  7 |
---------------+----------------------+-----
Dodging        | 3 4 5 |  5.0
Short Blades   | 2 3 4 5 |  5.1
Stealth        | 5 6 |  6.6
Spellcasting   | 3 |  3.0
Ice Magic      | 1 2 |  2.3
Hexes          | 4 5 |  5.0
Throwing       | |  0.9

Action                     |  1- 3 |  4- 6 |  7- 9 || total
---------------------------+-------+-------+-------++-------
  Melee: Dagger            |    94 |   117 |    36 ||   247
         Punch             |       |       |     1 ||     1
  Throw: Dart              |       |     4 |       ||     4
   Cast: Ensorcelled Hiber |    22 |    38 |    10 ||    70
         Confusing Touch   |       |       |     1 ||     1
   Stab: Sleeping          |    21 |    32 |     7 ||    60
         Confused          |       |       |     1 ||     1
 Armour: Robe              |    16 |    11 |     2 ||    29
  Dodge: Dodged            |    74 |    73 |    33 ||   180

Table legend: (Time is in decaauts)
 A = Elapsed time spent in this place.
 B = Non-inter-level travel time spent in this place.
 C = Inter-level travel time spent in this place.
 D = Time resting spent in this place.
 E = Time spent auto-exploring this place.
 F = Levels seen in this place.
 G = Mean time per level.
                   A        B        C        D        E       F      G
               +--------+--------+--------+--------+--------+-----+--------+
         Total |   3645 |   3568 |     77 |     36 |   2554 |   7 |  520.7 |
       Dungeon |   3634 |   3557 |     77 |     36 |   2554 |   6 |  605.7 |
        Temple |     11 |     11 |      0 |      0 |      0 |   1 |   11.0 |
               +--------+--------+--------+--------+--------+-----+--------+

Top non-repeatable levels by time:
     D:4: 925 daAuts
     D:1: 881 daAuts
     D:3: 774 daAuts
     D:2: 430 daAuts
     D:6: 343 daAuts
     D:5: 278 daAuts
  Temple: 11 daAuts
